 Dungeon Crawl Stone Soup version 0.30.0-5-g1a98f26d00 (webtiles) character file.

Game seed: 9568449225521741955

154 browni3141 the Trooper (level 5, 0/57 HPs)
             Began as an Ogre Delver on May 10, 2023.
             Succumbed to an adder's poison
             ... on level 2 of the Dungeon.
             The game lasted 00:04:39 (1348 turns).

browni3141 the Trooper (Ogre Delver)                Turns: 1348, Time: 00:04:39

Health: 0/57       AC:  3    Str: 18    XL:     5   Next: 35%
Magic:  5/5        EV:  9    Int: 11    God:
Gold:   28         SH:  0    Dex: 10    Spells: 4/4 levels left

rFire   + . .        a - +0 mace
rCold   + . .        (no shield)
rNeg    . . .        b - +0 robe
rPois   +            (helmet restricted)
rElec   +            (no cloak)
rCorr   +            (gloves unavailable)
SInv    .            (boots unavailable)
Will    .....        (no amulet)
Stlth   ++           (no ring)
HPRegen 0.29/turn    (no ring)
MPRegen 0.09/turn

%: no passive effects
@: brilliant, lethally poisoned (0 -> -11), resistant, hasted, very quick
A: large, unfitting armour, tough skin 1
a: no special abilities


You were on level 2 of the Dungeon.
You visited 1 branch of the dungeon, and saw 4 of its levels.

You collected 28 gold pieces.

Inventory:

Hand Weapons
 a - a +0 mace (weapon)
Armour
 b - a +0 robe (worn)
Wands
 g - a wand of digging (3)
Scrolls
 d - a scroll of magic mapping
 F - a scroll of fog
 G - a scroll of enchant armour {unknown}
 H - a scroll of enchant weapon {unknown}
 M - a scroll of teleportation {unknown}


   Skills:
 + Level 5.5 Fighting
 * Level 4.1 Maces & Flails
 - Level 1.7 Dodging
 - Level 3.7 Stealth


You had 4 spell levels left.
You didn't know any spells.
Your spell library was empty.

Dungeon Overview and Level Annotations

Branches:
Dungeon (5/15)
 Temple: D:4-7

Altars:

Annotations:
D:2 Robin


Innate Abilities, Weirdness & Mutations

You are too large for most types of armour.
You have tough skin. (AC +1)


Message History

There is a stone staircase leading up here.
You climb upwards.
Level annotation: Robin The rat barely misses you.
Robin roars a battlecry!
The hobgoblin goes into a battle-frenzy!
The adder bites you but does no damage. The rat barely misses you.
Robin hits you with a +0 dagger.
There is a stone staircase leading down, spattered with blood here.
The adder attacks as you move away! The adder closely misses you.
An adder comes into view.
The adder bites you. Robin closely misses you.
The rat bites you but does no damage. The adder bites you but does no damage.
Robin attacks as you move away! Robin hits you with a +0 dagger.
The adder bites you. The hobgoblin hits you. The adder closely misses you.
The hobgoblin attacks as you move away! The hobgoblin hits you.
You see here a +0 rapier.
You throw an atropa-tipped dart. The atropa-tipped dart hits the adder.
The adder appears confused.
The adder seems less confused.
The adder closely misses you.
You closely miss the adder. The adder completely misses you.
The adder barely misses you.
You barely miss the adder. The adder closely misses you. x2
You barely miss the adder. You barely miss the adder.
The adder hisses angrily.
The adder is no longer blind.
The adder bites you.
You closely miss the adder. The adder bites you. x2
The adder attacks as you move away! The adder barely misses you.
You throw an atropa-tipped dart.
The atropa-tipped dart misses the adder.
The atropa-tipped dart barely misses the adder.
The atropa-tipped dart closely misses the hobgoblin.
The atropa-tipped dart misses the quokka.
The hobgoblin no longer looks unusually strong.
The adder bites you but does no damage. x2
You closely miss the adder. The adder barely misses you.
You thump the adder!
The adder is almost dead.
The adder bites you but does no damage. The adder bites you.
You hit the adder.
You kill the adder!
The goblin no longer looks unusually strong.
The adder bites you but does no damage.
You barely miss the adder. Robin throws the goblin at you!
The goblin closely misses you. The adder bites you but does no damage.
The goblin hits you but does no damage.
You are poisoned.
You barely miss the goblin.
You feel very sick. The adder barely misses you. The adder bites you.
You are more poisoned.
The adder poisons you! The goblin barely misses you.
You feel yourself speed up.
You feel very sick. The adder completely misses you.
The goblin barely misses you.
You barely miss the goblin.
You feel sick. The adder bites you but does no damage.
You closely miss the goblin.
You feel sick.
The goblin hits you with a +2 dagger of venom.
You are more poisoned.
The adder bites you.
You are lethally poisoned!
The adder poisons you!
You hit the goblin but do no damage.
You feel very sick. The adder bites you but does no damage.
The goblin hits you with a +2 dagger of venom.
* * * LOW HITPOINT WARNING * * *
You are more poisoned.
It was a potion of curing.
You feel better. The adder bites you.
You are poisoned.
The adder poisons you!
The goblin hits you with a +2 dagger of venom.
You are more poisoned.
You hit the goblin.
The goblin is heavily wounded.
You feel very sick. The adder barely misses you.
The goblin hits you with a +2 dagger of venom.
* * * LOW HITPOINT WARNING * * *
Robin roars a battlecry!
The goblins go into a battle-frenzy!
You closely miss the goblin.
The goblin is heavily wounded.
* * * LOW HITPOINT WARNING * * *
You feel very sick. The adder bites you.
* * * LOW HITPOINT WARNING * * *
You are more poisoned.
The adder poisons you!
It was a potion of resistance.
You feel protected.
* * * LOW HITPOINT WARNING * * *
You feel sick. The adder bites you but does no damage.
The goblin hits you with a +2 dagger of venom.
* * * LOW HITPOINT WARNING * * *
It was a potion of brilliance.
You feel clever all of a sudden.
You die...

.#.. ###.....##..[........
....###....................
...lg.###.[...).#.........#.
#g.ggg###..†#.[.÷....)....
....###g..###g##........(.#
.gg. ###....K###!........#
...g ###..$####...#..## ...g
###..####r>....# .#..
#...gg@Sgg..(#..<. .#r.
#......####r..## #. ...
#.......## #...# .....#...
....# ##.##.... .......
...#...... ....##.# ..
............# ... .##.....
..# .#


You could see Robin, an adder, a quokka, a hobgoblin (strong), 2 goblins and a
rat.

Vanquished Creatures
  2 hounds
  Jessica (D:3)
  3 adders
  An ufetubus (D:5)
  A dart slug (D:2)
  3 bats
  3 endoplasms
  8 goblins
  3 hobgoblins
  2 quokkas
  2 frilled lizards
  3 kobolds
  3 rats
35 creatures vanquished.

Notes
Turn   | Place    | Note
-------+----------+-------------------------------------------
     0 | D:5      | browni3141 the Ogre Delver began the quest for the Orb.
     0 | D:5      | Reached XP level 1. HP: 24/24 MP: 1/1
    51 | D:5      | Noticed a jelly
    84 | D:5      | Noticed a hound
    96 | D:5      | Killed a hound
    97 | D:5      | Reached XP level 2. HP: 21/33 MP: 2/2
    97 | D:5      | Reached XP level 3. HP: 26/40 MP: 3/3
   246 | D:5      | Noticed an ice beast
   300 | D:4      | Reached skill level 5 in Fighting
   300 | D:4      | Reached skill level 3 in Maces & Flails
   300 | D:4      | Reached XP level 4. HP: 26/50 MP: 4/4
   438 | D:3      | Noticed Jessica
   450 | D:3      | Killed Jessica
   900 | D:2      | Reached XP level 5. HP: 57/57 MP: 5/5
   941 | D:2      | Noticed Robin
   941 | D:2      | Identified the +0 ring mail "Feafoerea" {Dex+7}
   985 | D:3      | HP: 1/57 [goblin/+0 club[Robin] (3)]
  1347 | D:2      | HP: 2/57 [goblin/+2 dagger of venom[Robin] (4)]
  1348 | D:2      | Succumbed to an adder's poison

Illustrated notes

Levels and vault maps discovered:
D:2:      layout_rooms, serial_shops, nicolae_shop_rolled_up,
          minmay_statues_item, minmay_unequal, uniq_robin
D:3:      layout_basic, mainiacjoe_overflow_tiny_flanked, minmay_checkerbox,
          uniq_ijyb, uniq_jessica, uniq_natasha, uniq_crazy_yiuf_cottage,
          uniq_sigmund
D:4:      layout_basic, okawaru_gym_becter, minmay_temple_entry_steel_oval
D:5:      layout_basic, cheibrodos_sewer_entry_bend

Skill      XL: |  1  2  3  4  5 |
---------------+----------------+-----
Maces & Flails | 2 3 4 |  4.1
Fighting       | 5 |  5.5
Dodging        | |  1.7
Stealth        | |  3.7

Action                     |  1- 3 |  4- 6 || total
---------------------------+-------+-------++-------
  Melee: Mace              |    21 |   117 ||   138
  Throw: Dart              |       |     2 ||     2
    Use: Scroll            |       |     1 ||     1
         Potion            |       |     4 ||     4
   Stab: Sleeping          |       |     3 ||     3
 Armour: Robe              |     9 |    53 ||    62
  Dodge: Dodged            |    14 |    90 ||   104
